 Dungeon Crawl Stone Soup version 0.31.0-11-ge490571c62 (webtiles) character file.

Game seed: 17915988101510326652

135 qw the Skirmisher (level 4, -3/25 HPs)
             Began as a Deep Elf Hunter on Feb 3, 2024.
             Killed from afar by Natasha (10 damage)
             ... with a magic dart
             ... on level 3 of the Dungeon.
             The game lasted 00:00:05 (2118 turns).

qw the Skirmisher (Deep Elf Hunter)                 Turns: 2118, Time: 00:00:06

Health: -3/25      AC:  5    Str: 10    XL:     4   Next: 96%
Magic:  6/6        EV: 11    Int: 14    God:
Gold:   113        SH:  0    Dex: 18    Spells: 3/3 levels left

rFire   + . .        a - +0 shortbow
rCold   + . .        (shield currently unavailable)
rNeg    . . .        h - +0 ring mail
rPois   .            (no helmet)
rElec   .            f - scarf {rC+ rF+}
rCorr   .            (no gloves)
SInv    .            (no boots)
Will    .....        (no amulet)
Stlth   +            (no ring)
HPRegen 0.24/turn    (no ring)
MPRegen 0.10/turn

%: no passive effects
@: no status effects
A: no striking features
a: no special abilities


You were on level 3 of the Dungeon.
You visited 1 branch of the dungeon, and saw 3 of its levels.

You collected 113 gold pieces.


   Skills:
 - Level 1.5 Fighting
 + Level 8.3 Ranged Weapons
 - Level 2.4 Dodging
 - Level 1.2 Stealth


You had 3 spell levels left.
You didn't know any spells.
Your spell library was empty.

Inventory:

Hand Weapons
 a - a +0 shortbow (weapon)
Armour
 f - a scarf of resistance (worn)
 h - a +0 ring mail (worn)
Jewellery
 i - a +4 ring of protection
Scrolls
 b - 3 scrolls of identify
 c - a scroll of vulnerability {unknown}
 d - a scroll of enchant armour {unknown}
 g - 2 scrolls of teleportation
 j - a scroll of noise {unknown}
Potions
 e - 2 potions of degeneration {unknown}

Dungeon Overview and Level Annotations

Branches:
Dungeon (3/15)

Altars:
Cheibriados

Annotations:
D:3 Natasha


Message History

The arrow hits the kobold!
You kill the kobold!
You hear a shout! x3; You hear an angry hiss.
You hear a loud squeak.
An orc comes into view. It is wielding a +0 hand axe.
The orc shouts!
You shoot an arrow. The arrow closely misses the orc.
An orc comes into view. It is wielding a +0 flail.
You shoot an arrow. The arrow hits the orc.
The orc is lightly wounded.
You shoot an arrow. The arrow hits the orc.
The orc is severely wounded.
The orc closely misses you.
You shoot an arrow. The arrow closely misses the orc.
The arrow hits the orc!
You kill the orc!
The orc hits you with a +0 hand axe.
You shoot an arrow. The arrow hits the orc.
You kill the orc!
You start resting.
HP restored.
A hobgoblin comes into view.
The hobgoblin shouts!
You hear a loud squeak.
You shoot an arrow. The arrow hits the hobgoblin!
You kill the hobgoblin!
Natasha, Servant of Life and Death comes into view.
She is carrying a wand of flame.
A dart slug comes into view.
You shoot an arrow. The arrow hits Natasha!
Natasha is heavily wounded.
Natasha zaps a wand.
The puff of flame hits you. You resist.
An adder comes into view.
Natasha zaps a wand.
The puff of flame hits you. You resist.
You shoot an arrow. The arrow closely misses Natasha.
The adder hisses angrily.
Natasha mewls in sadness.
Natasha casts a spell at you. The magic dart hits you!
You shoot an arrow. The arrow barely misses Natasha.
Natasha stares at you and mumbles some strange words.
The magic dart hits you!
You die...
Natasha curls up and begins to purr.

#....####....###......<###.......
#....# #....####..#######.......
#....# #....'...........'.......
#....# #....######...####.......
#....# ###### ######.# #.......
###### ##...##.# #.......
.#####.%...#.# #.......
...Sh.$....#.## #....... '
#)@...#..# #....... ##)..###.#
######## ##.####.####### #)#
#........# #.# #........# # #.#
#........# ##. ##.###........#
#... ##...##........#
.....#####.....#........#


You could see Natasha and an adder.

Vanquished Creatures
  Natasha (D:3)
  6 adders
  A dart slug (D:1)
  3 orcs (D:3)
  5 ball pythons
  10 endoplasms
  2 giant cockroaches
  5 goblins
  5 hobgoblins
  A quokka (D:1)
  4 bats
  3 frilled lizards
  2 kobolds
48 creatures vanquished.

Notes
Turn   | Place    | Note
-------+----------+-------------------------------------------
     0 | D:1      | qw the Deep Elf Hunter began the quest for the Orb.
     0 | D:1      | Reached XP level 1. HP: 12/12 MP: 3/3
     0 | D:1      | 0 ||| qw: Version: 0.3-a-158-g18b3111
     0 | D:1      | 0 ||| qw: Game counter: 4097
     0 | D:1      | 0 ||| qw: Melee chars always use a shield: true
     0 | D:1      | 0 ||| qw: God list: Okawaru
     0 | D:1      | 0 ||| qw: Allow faded altars: false
     0 | D:1      | 0 ||| qw: Do Orc after clearing Dungeon:15 true
     0 | D:1      | 0 ||| qw: Do second Lair branch before Depths: true
     0 | D:1      | 0 ||| qw: Lair rune preference: random
     0 | D:1      | 0 ||| qw: Goals: Normal
     0 | D:1      | 0 ||| PLANNING D:1-11
    90 | D:1      | Reached XP level 2. HP: 16/16 MP: 4/4
   106 | D:1      | Reached skill level 6 in Ranged Weapons
   538 | D:1      | 538 ||| UPGRADING to scarf of resistance.
   543 | D:1      | 543 ||| READING 2 scrolls labelled UNLONUFFE MAOX.
   546 | D:1      | 546 ||| DROPPING scroll of butterflies.
   651 | D:2      | HP: 3/16 [adder (2)]
   652 | D:2      | 652 ||| READING scroll of teleportation.
   653 | D:2      | HP: 1/16 [poisoned by an adder]
   655 | D:2      | Reached XP level 3. HP: 2/20 MP: 5/5
   797 | D:2      | Found a snail-covered altar of Cheibriados.
   817 | D:2      | Reached skill level 7 in Ranged Weapons
  1354 | D:2      | 1354 ||| UPGRADING to +0 ring mail.
  1364 | D:2      | 1364 ||| DROPPING +0 leather armour.
  1365 | D:2      | 1365 ||| DROPPING amulet of magic regeneration.
  1366 | D:2      | 1366 ||| READING 4 scrolls labelled XAUSUA COKUAX.
  1366 | D:2      | 1366 ||| IDENTIFYING viscous purple potion
  1367 | D:2      | 1367 ||| READING 3 scrolls of identify.
  1367 | D:2      | 1367 ||| IDENTIFYING brown potion
  1368 | D:2      | 1368 ||| DROPPING potion of brilliance.
  1369 | D:2      | 1369 ||| DROPPING potion of invisibility.
  1473 | D:3      | Noticed Natasha
  1479 | D:3      | HP: 2/20 [Natasha (6)]
  1480 | D:3      | 1480 ||| READING scroll of teleportation.
  1481 | D:3      | Killed Natasha
  1482 | D:3      | Reached XP level 4. HP: 3/25 MP: 6/6
  1711 | D:3      | Reached skill level 8 in Ranged Weapons
  2115 | D:3      | Noticed Natasha
  2118 | D:3      | Killed from afar by Natasha

Levels and vault maps discovered:
D:1:      psy_arrival_whirlpool, layout_loops_ring
D:2:      layout_basic, basic_altar
D:3:      minmay_octagon_keep, layout_basic, uniq_natasha

Skill      XL: |  1  2  3  4 |
---------------+-------------+-----
Ranged Weapons | 6 7 8 |  8.3
Fighting       | |  1.5
Dodging        | |  2.4
Stealth        | |  1.2

Action                     |  1- 3 |  4- 6 || total
---------------------------+-------+-------++-------
   Fire: Shortbow          |    77 |    46 ||   123
    Use: Scroll            |     5 |       ||     5
 Armour: Leather armour    |    10 |       ||    10
         Ring mail         |     4 |     9 ||    13
  Dodge: Dodged            |    15 |    11 ||    26

Table legend:
 A = Non-vault XP
 B = Vault XP
 C = Vault XP percentage of total XP
 D = Non-vault monster count
 E = Vault monster count
 F = Vault count percentage of total count
                 A         B        C        D         E       F
            +---------+---------+-------+---------+---------+-------
      Total |     124 |      69 |  35.8 |      37 |      11 |  22.9
            +---------+---------+-------+---------+---------+-------
        D:1 |      27 |       0 |   0.0 |      15 |       0 |   0.0
        D:2 |      47 |       0 |   0.0 |      13 |       0 |   0.0
        D:3 |      50 |      69 |  58.0 |       9 |      11 |  55.0
            +---------+---------+-------+---------+---------+-------
